AoeStats
← AxingQuestions

African Clearing

504310151Analyzed
4v4 RM · 27d ago on Sep 4, 2026· 55m 21s· 8 players
Game mode
Random Map
Map size
Large (8 player)
Population
200
Speed
Normal
Resources
Standard
Victory
Conquest
Starting age
Dark Age
Ending age
Imperial Age
RankedLock teamsTeams togetherTeam positionsShared explorationLock speedFull tech treeHidden civsTurbo modeCheats
Victory
Defeat
🇵🇱 Mongols · Poland
1261
+12
🇫🇷 Sicilians · France
1167
+16
🇺🇸 Celts · United States
1164
+17
🇦🇺 Spanish · Australia
1084
+20
🇨🇦 Mongols · Canada
1301
-21
🇨🇦 Vikings · Canada
1184
-17
🇺🇸 Cumans · United States
1125
-14
🇩🇪 Bohemians · Germany
1094
-13
Wiđukind von Westfal
7:46 Loom
12:40 Feudal Age
16:52 Double-Bit Axe
20:01 Castle Age
18:12 Forging
20:07 Scale Barding Armor
20:15 Bloodlines
20:41 Gold Mining
28:57 Chain Barding Armor
31:14 Husbandry
32:31 Wheelbarrow
34:34 Iron Casting
35:21 Bow Saw
39:06 Fletching
41:49 Imperial Age
41:43 Gold Shaft Mining
40:58 Stone Mining
42:12 Bodkin Arrow
43:13 Town Watch
45:08 Bracer
45:17 Light Cavalry
45:58 Padded Archer Armor
46:06 Heavy Camel Rider
47:49 Blast Furnace
51:29 Leather Archer Armor
51:28 Elite Skirmisher
53:58 Hussar
55:15 Horse Collar
55:53 Hand Cart
55:42 Town Patrol
ufokinw0tm8
3:53 Loom
12:51 Feudal Age
21:06 Castle Age
19:31 Double-Bit Axe
21:21 Wheelbarrow
21:56 Town Watch
31:56 Husbandry
32:07 Bloodlines
43:17 Scale Barding Armor
48:19 Gold Mining
50:04 Horse Collar
50:39 Bow Saw
54:01 Imperial Age
52:25 Heavy Plow
53:51 Forging
54:02 Chain Barding Armor
54:13 Cavalier
56:01 Iron Casting
55:48 Conscription
AxingQuestions
5:57 Loom
13:52 Feudal Age
16:04 Town Watch
18:02 Wheelbarrow
19:54 Fletching
22:04 Horse Collar
22:47 Padded Archer Armor
26:16 Castle Age
25:50 Double-Bit Axe
27:59 Hand Cart
28:05 Bodkin Arrow
28:53 Elite Skirmisher
29:56 Leather Archer Armor
34:16 Bow Saw
37:25 Ballistics
37:50 Treadmill Crane
40:08 Hand Cart
41:24 Husbandry
42:19 Heavy Plow
43:48 Stronghold
44:48 Town Patrol
46:22 Scale Barding Armor
46:12 Pikeman
47:08 Murder Holes
50:50 Imperial Age
51:16 Scale Mail Armor
51:17 Heavy Cavalry Archer
52:52 Chain Mail Armor
52:48 Forging
52:41 Halberdier
54:21 Plate Mail Armor
54:14 Conscription
55:09 Hoardings
Slayer30
9:39 Loom
14:01 Feudal Age
15:32 Double-Bit Axe
19:17 Wheelbarrow
24:20 Castle Age
23:13 Town Watch
26:17 Bow Saw
33:35 Horse Collar
38:13 Pikeman
43:45 Imperial Age
41:50 Squires
41:37 Arson
42:34 Hand Cart
42:34 Heavy Plow
43:31 Scale Mail Armor
44:13 Forging
44:37 Chain Mail Armor
44:30 Halberdier
45:04 Fletching
46:49 Plate Mail Armor
49:23 Iron Casting
50:22 Bodkin Arrow
52:36 Bracer
Granatenrambo
19:49 Feudal Age
20:38 Horse Collar
20:46 Double-Bit Axe
30:17 Castle Age
46:30 Wheelbarrow
47:50 Pikeman
48:30 Squires
56:41 Imperial Age
Schvank
11:38 Feudal Age
14:56 Fletching
16:42 Loom
21:43 Castle Age
20:03 Padded Archer Armor
21:47 Crossbowman
22:37 Bodkin Arrow
22:58 Leather Archer Armor
23:27 Squires
25:15 Wheelbarrow
27:29 Double-Bit Axe
31:06 Bow Saw
37:10 Hand Cart
44:57 Stone Mining
46:32 Ballistics
48:02 Thumb Ring
49:30 Stone Shaft Mining
48:46 Gold Mining
52:41 Pikeman
57:41 Imperial Age
Planck Walk
6:10 Loom
13:18 Feudal Age
14:12 Double-Bit Axe
14:35 Town Watch
17:20 Fletching
32:39 Castle Age
30:40 Horse Collar
34:16 Bow Saw
36:19 Scale Barding Armor
37:49 Wheelbarrow
37:52 Chain Barding Armor
39:10 Forging
41:04 Hand Cart
44:15 Imperial Age
44:01 Iron Casting
43:45 Bloodlines
43:57 Padded Archer Armor
43:37 Light Cavalry
45:35 Plate Barding Armor
46:10 Blast Furnace
47:16 Bodkin Arrow
47:44 Leather Archer Armor
48:18 Heavy Cavalry Archer
50:01 Conscription
50:52 Parthian Tactics
50:38 Capped Ram
51:54 Hussar
54:42 Thumb Ring
Discharge
14:31 Feudal Age
18:55 Castle Age
17:06 Double-Bit Axe
17:55 Horse Collar
20:36 Bow Saw
20:16 Loom
25:53 Squires
25:13 Pikeman
25:39 Arson
26:35 Scale Barding Armor
28:59 Gold Mining
31:18 Chain Barding Armor
31:37 Forging
35:57 Imperial Age
35:23 Iron Casting
34:38 Fletching
34:57 Heavy Plow
36:22 Cavalier
38:06 Blast Furnace
36:58 Fletching
38:13 Man-at-Arms
38:42 Arson
40:54 Two-Man Saw
39:53 Bodkin Arrow
39:48 Long Swordsman
40:14 Gambesons
41:45 Two-Handed Swordsman
42:49 Champion
51:41 Elite Berserk
53:01 Conscription
Connection lost

Rejoining the realm…

Still unreachable

The connection could not be restored.

Session expired

The server has moved on; the page needs a fresh start.